 Dungeon Crawl Stone Soup version 0.21-a0-113-g6841d05 (webtiles) character file.

43 Armakuni the Magician (level 3, -9/24 HPs)
             Began as a Human Wizard on July 12, 2017.
             Killed by nerve-wracking pain
             ... invoked by a shadow imp
             ... summoned by Natasha
              (14 damage)
             ... on level 2 of the Dungeon.
             The game lasted 00:05:22 (1622 turns).

Armakuni the Magician (Human Wizard)                Turns: 1622, Time: 00:05:23

Health: -9/24      AC:  2    Str:  7    XL:     3   Next: 82%
Magic:  3/7        EV: 12    Int: 19    God:
Gold:   57         SH:  0    Dex: 11    Spells: 2/8 levels left

rFire    . . .     SeeInvis .   b - +0 hunting sling
rCold    . . .     Gourm    .   (no shield)
rNeg     . . .     Faith    .   f - +0 robe
rPois    .         Spirit   .   k - +0 hat
rElec    .         Reflect  .   (no cloak)
rCorr    .         Harm     .   (no gloves)
MR       .....                  (no boots)
Stlth    ++........             R - amulet of rage
HPRegen  0.08/turn              (no ring)
MPRegen  0.10/turn              (no ring)

@: no status effects
A: no striking features
a: Evoke Berserk Rage


You were on level 2 of the Dungeon.
You were not hungry.

You visited 1 branch of the dungeon, and saw 3 of its levels.

You collected 57 gold pieces.

Inventory:

Hand Weapons
 a - a +0 dagger
 b - a +0 hunting sling (weapon)
Missiles
 e - 8 javelins
 l - 22 sling bullets (quivered)
Armour
 f - a +0 robe (worn)
 h - a +0 helmet
 k - a +0 hat (worn)
Jewellery
 R - an amulet of rage (around neck)
Scrolls
 j - a scroll of identify
Books
 c - a book of Minor Magic

   Spells                             Type                      Level
   a - Magic Dart                     Conjuration                  1
   b - Blink                          Translocation                2
   c - Call Imp                       Summoning                    2
   d - Slow                           Hexes                        2
   e - Conjure Flame                  Conjuration/Fire             3
   f - Mephitic Cloud                 Conjuration/Poison/Air       3
Comestibles
 d - a bread ration
 g - 2 chunks of flesh
 m - a royal jelly


   Skills:
 - Level 2.0 Dodging
 - Level 2.0 Stealth
 - Level 3.0 Spellcasting
 - Level 3.0 Conjurations
 - Level 1.0 Summonings
   Level 1.0 Translocations
 + Level 1.0 Air Magic
 + Level 0.4 Poison Magic


You had 2 spell levels left.
You knew the following spells:

 Your Spells              Type           Power        Failure   Level  Hunger
i - Call Imp              Summ           #.......     16%         2    ##.....
m - Mephitic Cloud        Conj/Pois/Air  #.......     26%         3    ###....
z - Magic Dart            Conj           ##..         4%          1    None


Dungeon Overview and Level Annotations

Branches:
Dungeon (3/15)

Altars:

Annotations:
D:2 Natasha, Robin


Message History

You hear a shout!
The adder is engulfed in noxious fumes.
The adder appears confused.
The adder closely misses Natasha.
Natasha is engulfed in noxious fumes.
Natasha appears confused.
Unknown command.
You bump into the rock wall.
You are engulfed in noxious fumes.
You choke on the stench!
You are more confused.
The adder is engulfed in noxious fumes.
The adder appears confused.
Robin's bangles clink loudly.
The adder is engulfed in noxious fumes.
Unknown command.
The adder is engulfed in noxious fumes.
The adder appears confused.
You bump into the rock wall.
You feel less confused.
You aren't carrying any potions.
The shadow imp gestures at you. Pain shoots through your body!
Ouch! That really hurt!
You die...

################
###.h..g5..@.....#
#.....##########.#
#.#.#.# #.#.#.#
######...g.#
.....#.....#
.....#.g...#
.....#..[S.#
.....#.....#


You could see Robin, Natasha (confused) and a shadow imp.

Vanquished Creatures
  A dart slug (D:1)
  3 giant cockroaches
  10 goblins
  2 hobgoblins (D:1)
  2 jackals (D:1)
  2 ball pythons
  7 bats
  A frilled lizard (D:2)
  6 kobolds
  4 rats
38 creatures vanquished.

Notes
Turn   | Place    | Note
-------+----------+-------------------------------------------
     0 | D:1      | Armakuni the Human Wizard began the quest for the Orb.
     0 | D:1      | Reached XP level 1. HP: 13/13 MP: 4/4
   160 | D:1      | Reached XP level 2. HP: 19/19 MP: 3/6
   192 | D:1      | Learned a level 2 spell: Call Imp
   702 | D:1      | Reached XP level 3. HP: 24/24 MP: 4/7
   887 | D:1      | Learned a level 3 spell: Mephitic Cloud
  1566 | D:2      | Noticed Robin
  1571 | D:2      | Noticed Natasha
  1585 | D:2      | Reached skill level 1 in Air Magic
  1622 | D:2      | Killed from afar by a shadow imp

Vault maps used:
D:1:      dpeg_arrival_central, kennysheep_boxes
D:2:      first_bread, uniq_terence, uniq_robin, uniq_natasha
D:3:      gammafunk_temple_overflow_wave, eino_curves_01, elyvilon_altar_3

Skill      XL: |  1  2  3 |
---------------+----------+-----
Conjurations   | 2 3 |  3.0
Air Magic      | 1 |  1.0
Dodging        | |  2.0
Stealth        | |  2.0
Spellcasting   | |  3.0
Summonings     | |  1.0
Translocations | |  1.0
Poison Magic   | |  0.4

Action                   || total
-------------------------++-------
 Fire: Hunting sling     ||    36
Throw: Javelin           ||     4
 Cast: Magic Dart        ||    53
       Mephitic Cloud    ||     3
  Use: Scroll            ||     3
  Eat: Chunk             ||     2
Armor: Robe              ||     9
Dodge: Dodged            ||    15
